 Dungeon Crawl Stone Soup version 0.28.0-47-ge53b351184 (webtiles) character file.

Game seed: 9823748348036569342

25 Eitelfritz the Slasher (level 2, -3/23 HPs)
             Began as a Demonspawn Gladiator on Apr 28, 2022.
             Engulfed by a cloud of flame (26 damage)
             ... on level 1 of the Dungeon.
             The game lasted 00:01:21 (430 turns).

Eitelfritz the Slasher (Demonspawn Gladiator)        Turns: 430, Time: 00:01:21

Health: -3/23      AC:  4    Str: 14    XL:     2   Next: 82%
Magic:  2/2        EV: 12    Int:  9    God:
Gold:   13         SH:  0    Dex: 14    Spells: 1/1 levels left

rFire   . . .      SeeInvis .   a - +0 long sword
rCold   . . .      Faith    .   (no shield)
rNeg    . . .      Spirit   .   b - +0 leather armour
rPois   .          Reflect  .   c - +0 helmet
rElec   .          Harm     .   (no cloak)
rCorr   .          Rampage  .   (no gloves)
Will    .....                   (no boots)
Stlth   +.........              e - amulet of regeneration
HPRegen 0.87/turn               (no ring)
MPRegen 0.08/turn               (no ring)

@: no status effects
A: hooves 1
a: no special abilities


You were on level 1 of the Dungeon.
You visited 1 branch of the dungeon, and saw 1 of its levels.

You collected 13 gold pieces.

Inventory:

Hand Weapons
 a - a +0 long sword (weapon)
 j - a +0 long sword
Missiles
 d - 3 throwing nets (quivered)
Armour
 b - a +0 leather armour (worn)
 c - a +0 helmet (worn)
Jewellery
 e - an amulet of regeneration (around neck)
Scrolls
 g - a scroll of identify {unknown}
 h - a scroll of vulnerability {unknown}
 i - a scroll of enchant weapon {unknown}
Potions
 f - 2 potions of curing {unknown}


   Skills:
 + Level 2.4 Fighting
 + Level 3.1 Long Blades
 + Level 1.9 Throwing
 + Level 3.0 Dodging


You had one spell level left.
You didn't know any spells.
Your spell library was empty.

Dungeon Overview and Level Annotations

Branches:
Dungeon (1/15)

Altars:


Innate Abilities, Weirdness & Mutations

You have large cloven feet.


Message History

You barely miss the kobold. You kick the kobold.
The kobold is moderately wounded.
The kobold hits you but does no damage.
You barely miss the kobold. You kick the kobold, but do no damage.
The kobold is moderately wounded.
The kobold misses you.
You closely miss the kobold.
The kobold is moderately wounded.
The kobold completely misses you.
You slash the kobold!
You kill the kobold!
A quokka comes into view.
Found a long sword and a leather armour.
Things that are here:
a +0 club; a kobold corpse A quokka is nearby!
You see here a +0 long sword.
The quokka bites you but does no damage.
You hit the quokka. Your kick misses the quokka.
The quokka is lightly wounded.
The quokka bites you. The quokka misses you.
You hit the quokka. Your kick misses the quokka.
The quokka is heavily wounded.
The quokka bites you.
The quokka bites you but does no damage.
You barely miss the quokka. You kick the quokka, but do no damage.
The quokka is heavily wounded.
The quokka bites you.
You hit the quokka.
You kill the quokka!
You see here a +0 leather armour.
You see here a +0 long sword.
j - a +0 long sword
Found 27 stones.
Really walk into a travel-excluded area?
A giant cockroach comes into view.
Found 15 arrows.
You are engulfed in blazing flames.
Ouch! That really hurt!
You die...

#.#.# § #####.#
#.#.#
##...#####.....#
#.#.####
§°...!.§○☼..#####
#.#.#.. (.($).☼☼☼..#
# #.#.#.#
..(..○§§..#
###.#.#.#
#B..#####.#
........#### #○§°#
#.# ...........#
#☼°§# #.#
.##..#.###.# #@§○#
#.#
....###....#####...#
#.#
##.#.#.######.###.##
#.#
#.##.###...).....#
#.#
#.##......##.#####
#.# .. #####.###.#
#.## ### #.# #..#
#[# #..# #.# #..#


You could see a giant cockroach.

Vanquished Creatures
  A dart slug (D:1)
  2 endoplasms (D:1)
  2 hobgoblins (D:1)
  3 jackals (D:1)
  4 kobolds (D:1)
  2 quokkas (D:1)
  A ball python (D:1)
  3 bats (D:1)
  A frilled lizard (D:1)
  2 rats (D:1)
21 creatures vanquished.

Notes
Turn   | Place    | Note
-------+----------+-------------------------------------------
     0 | D:1      | Eitelfritz the Demonspawn Gladiator began the quest for the
                  | Orb.
     0 | D:1      | Reached XP level 1. HP: 16/16 MP: 1/1
   149 | D:1      | Gained mutation: You have large cloven feet. [demonic
                  | ancestry]
   149 | D:1      | Reached XP level 2. HP: 22/22 MP: 2/2
   325 | D:1      | Noticed a floating eye
   345 | D:1      | Noticed a floating eye
   430 | D:1      | Engulfed by a cloud of flame

Illustrated notes

Levels and vault maps discovered:
D:1:      psy_arrival_statuary, layout_loops_ring,
          hellmonk_ecumenical_altar_watching_god, lemuel_flame_loot_1

Skill      XL: |  1  2 |
---------------+-------+-----
Long Blades    | 3 |  3.1
Dodging        | 3 |  3.0
Fighting       | |  2.4
Throwing       | |  1.9

Action                   || total
-------------------------++-------
Melee: Long sword        ||    63
       Punch             ||     1
       Kick              ||    10
 Stab: Sleeping          ||     1
Armor: Leather armour    ||    32
Dodge: Dodged            ||    57
